Monarchs vs Griffins
Created - November 21, 2018 at 22:50
Goals
|
| Monarchs |
1 |
0 |
2 |
3 |
| Griffins |
0 |
1 |
1 |
2 |
|
Shots
|
| Monarchs |
10 |
17 |
8 |
35 |
| Griffins |
5 |
14 |
12 |
31 |
|
1st period
1. Monarchs , Chris Thorburn 2 (Teuvo Teravainen 7, Brian Boyle 8) at 6:27
Penalties :
No Penalty
2nd period
2. Griffins , Jamie Arniel 11 (Robert Dome 16, Petr Pohl 18) at 8:55
Penalties :
Marko Dano (MAN) for Hooking (Minor) at 2:00, Oscar Klefbom (Cap) for Slashing (Minor) at 10:37
3rd period
3. Monarchs , Andre Burakovsky 9 (Alec Martinez 4, Connor Brown 18) at 1:44
4. Monarchs , Marko Dano 4 (Morgan Rielly 6, Darnell Nurse 2) at 17:24
5. Griffins , Brendan Woods 2 (J.T. Brown 5, Quinton Howden 4) at 18:07
Penalties :
Tye McGinn (Cap) for Roughing (Minor) at 2:06, Quinton Howden (Cap) for Interference (Minor) at 10:24, Darnell Nurse (MAN) for Roughing (Minor) at 19:30
Goalie Stats
Anders Lindback (MAN), 29 saves from 31 shots - (0.935), W, 6-4-0, 60:00 minutes
Jean-Francois Berube (Cap), 32 saves from 35 shots - (0.914), L, 5-5-3, 58:58 minutes
Players Stats for Monarchs
Player Name G A P +/- PIM S H SB GA TA FO MP PP MP PK MP
------------------------------------------------------------------------------------
Adam Tambellini 0 0 0 0 0 0 0 0 0 0 1/2 6:37 0:00 0:03
Alec Martinez 0 1 1 2 0 1 1 1 0 2 0/0 21:41 2:44 1:11
Andre Burakovsky 1 0 1 0 0 5 3 2 0 0 0/0 18:43 2:38 0:00
Brian Boyle 0 1 1 0 0 2 2 0 0 0 13/23 20:30 2:38 1:09
Chris Thorburn 1 0 1 0 0 2 3 1 0 0 1/2 14:41 0:05 0:00
Connor Brown 0 1 1 0 0 6 1 0 1 0 0/1 18:43 2:38 0:00
Darnell Nurse 0 1 1 0 2 1 1 0 0 1 0/0 16:42 0:00 0:57
David Fischer 0 0 0 0 0 1 0 1 0 2 0/0 19:03 0:00 1:11
Dennis Everberg 0 0 0 0 0 0 1 0 0 0 0/0 8:01 0:00 0:49
Jake McCabe 0 0 0 -1 0 2 4 0 1 0 0/0 22:33 3:13 1:17
James Sheppard 0 0 0 1 0 2 1 0 0 0 0/1 15:28 0:31 0:27
Kenndal McArdle 0 0 0 0 0 0 0 0 0 0 0/0 0:31 0:00 0:27
Marko Dano 1 0 1 1 2 4 1 0 1 0 8/19 16:46 3:05 0:00
Mike Hoffman 0 0 0 0 0 2 3 0 0 0 0/0 10:32 0:05 0:30
Morgan Rielly 0 1 1 1 0 1 1 1 1 0 0/0 20:31 2:44 0:00
Nicholas Baptiste 0 0 0 0 0 0 0 0 0 0 0/0 0:00 0:00 0:00
Ryan White 0 0 0 0 0 0 1 0 0 0 5/14 15:53 0:00 1:31
Teuvo Teravainen 0 1 1 0 0 2 1 0 0 0 1/2 14:32 3:14 0:00
Viktor Arvidsson 0 0 0 1 0 4 1 0 0 0 1/2 16:34 2:57 0:00
Will Butcher 0 0 0 0 0 0 0 2 0 0 0/0 19:29 3:13 0:20
Players Stats for Griffins
Player Name G A P +/- PIM S H SB GA TA FO MP PP MP PK MP
------------------------------------------------------------------------------------
Anton Slepyshev 0 0 0 -1 0 1 1 0 1 0 0/0 10:34 0:00 0:00
Ben Hanowski 0 0 0 0 0 0 3 0 1 0 1/1 15:22 1:17 0:00
Brendan Woods 1 0 1 1 0 1 0 1 0 1 1/1 9:02 0:00 3:03
Bryan Young 0 0 0 1 0 0 0 1 0 1 0/0 24:09 0:00 3:29
J.T. Brown 0 1 1 1 0 3 2 0 1 0 0/0 7:30 0:09 1:19
Jamie Arniel 1 0 1 -1 0 4 1 0 1 1 14/26 23:30 1:17 2:36
Nathan Gerbe 0 0 0 -1 0 1 1 0 0 0 5/8 13:26 1:17 0:35
Nathan Oystrick 0 0 0 -1 0 1 0 2 0 0 0/0 17:24 0:00 2:28
Oscar Klefbom 0 0 0 1 2 4 0 2 0 0 0/0 23:02 1:46 0:00
Petr Pohl 0 1 1 -1 0 4 0 0 1 0 0/1 20:45 1:08 0:00
Petter Granberg 0 0 0 -1 0 1 0 4 0 0 0/0 16:03 0:42 0:00
Quinton Howden 0 1 1 1 2 0 3 0 0 0 2/4 7:18 0:00 0:36
Robert Dome 0 1 1 -1 0 2 1 0 0 0 1/2 18:58 0:00 0:00
Ryan Hartman 0 0 0 -1 0 1 1 0 0 0 1/2 13:07 0:06 1:51
Sean Monahan 0 0 0 0 0 2 1 1 0 0 11/19 16:30 1:05 0:14
Simon Despres 0 0 0 -1 0 0 0 0 0 0 0/0 19:48 1:46 2:28
Ty Wishart 0 0 0 -1 0 1 1 1 0 0 0/0 19:11 0:42 3:29
Tye McGinn 0 0 0 0 2 5 5 1 0 1 0/2 18:21 1:05 1:40
3 Stars
1 - Andre Burakovsky (MAN)
2 - Chris Thorburn (MAN)
3 - Alec Martinez (MAN)
Power Play
Monarchs - 0 on 3 Attempt(s) - 0.00%
Griffins - 0 on 2 Attempt(s) - 0.00%
Penalty Kill
Monarchs - 2 on 2 Attempt(s) - 100.00%
- Score 0 goal in Penalty Kill
Griffins - 3 on 3 Attempt(s) - 100.00%
- Score 0 goal in Penalty Kill
Team Stat
Monarchs - Hits : 25 - Faceoff Wins : 30 - Blocked Shots : 8 - Penalty Minutes : 4
Griffins - Hits : 20 - Faceoff Wins : 36 - Blocked Shots : 13 - Penalty Minutes : 6
Official
Referees : Unknown
Linesman : Unknown
Game Notes
No Game Note
Finance
Level 1 -- Attendance: 1349 (67.45%) -- Ticket Income $47,215
Level 2 -- Attendance: 784 (78.40%) -- Ticket Income $15,680
Total Attendance: 2133 (71.10%)
Total Ticket Income: $62,895
Other Income: $3,145
Total Income: $66,040
Monarchs
5 vs 5 Forward
Center Left Wing Right Wing Time % Phy DF OF
1 Brian Boyle Andre Burakovsky Connor Brown 35 1 2 2
2 Marko Dano James Sheppard Viktor Arvidsson 30 1 2 2
3 Ryan White Teuvo Teravainen Chris Thorburn 25 1 2 2
4 Adam Tambellini Mike Hoffman Dennis Everberg 10 1 2 2
5 vs 5 Defense
Defense Defense Time % Phy DF OF
1 Jake McCabe David Fischer 35 0 3 2
2 Alec Martinez Morgan Rielly 35 0 3 2
3 Darnell Nurse Will Butcher 30 0 3 2
4 Jake McCabe Will Butcher 0 1 3 1
PowerPlay Forward
Center Left Wing Right Wing Time % Phy DF OF
1 Marko Dano Teuvo Teravainen Viktor Arvidsson 60 0 1 4
2 Brian Boyle Andre Burakovsky Connor Brown 40 0 1 4
PowerPlay Defense
Defense Defense Time % Phy DF OF
1 Will Butcher Jake McCabe 60 0 2 3
2 Alec Martinez Morgan Rielly 40 0 2 3
Penalty Kill 4 Players Forward
Center Wing Time % Phy DF OF
1 Brian Boyle Ryan White 60 0 4 1
2 James Sheppard Kenndal McArdle 40 0 4 1
Penalty Kill 4 Players Defense
Defense Defense Time % Phy DF OF
1 Jake McCabe Darnell Nurse 60 0 5 0
2 Alec Martinez David Fischer 40 0 5 0
Penalty Kill - 3 Players Forward
Forward Time % Phy DF OF
1 Ryan White 60 1 4 0
2 James Sheppard 40 1 4 0
Penalty Kill - 3 Players Defense
Defense Defense Time % Phy DF OF
1 Alec Martinez Darnell Nurse 60 0 5 0
2 Jake McCabe David Fischer 40 0 5 0
4 vs 4 Forward
Center Wing Time % Phy DF OF
1 Marko Dano Teuvo Teravainen 60 1 2 2
2 Connor Brown James Sheppard 40 1 2 2
4 vs 4 Defense
Defense Defense Time % Phy DF OF
1 Alec Martinez Darnell Nurse 60 1 2 2
2 Jake McCabe Morgan Rielly 40 1 2 2
Last Minutes Offensive
Center Left Wing Right Wing Defense Defense
Marko Dano Teuvo Teravainen Connor Brown Jake McCabe Will Butcher
Last Minutes Defensive
Center Left Wing Right Wing Defense Defense
Brian Boyle James Sheppard Dennis Everberg Jake McCabe Darnell Nurse
Goaltenders
Starting : Anders Lindback
Backup : Tyler Beskorowany
Extra Forwards
Normal : Marko Dano, Brian Boyle, Teuvo Teravainen - PP : Brian Boyle, James Sheppard - PK : Dennis Everberg
Extra Defensemen
Normal : Jake McCabe, Alec Martinez, Darnell Nurse - PP : Darnell Nurse - PK : Will Butcher, Morgan Rielly
Penalty Shots
Andre Burakovsky, Marko Dano, Viktor Arvidsson, Teuvo Teravainen, James Sheppard
Scratches
Chris Tierney (Bruised Left Foot Injury), Christophe Lalancette (Healthy), Mitchell Moroz (Healthy), Andrei Mironov (Healthy), Jonas Junland (Healthy)
Anthony Peluso (Healthy), Jake Muzzin (Healthy), Anthony Stolarz (Healthy)
Griffins
5 vs 5 Forward
Center Left Wing Right Wing Time % Phy DF OF
1 Jamie Arniel Robert Dome Petr Pohl 40 0 2 3
2 Sean Monahan Tye McGinn Ben Hanowski 30 0 2 3
3 Nathan Gerbe Anton Slepyshev Ryan Hartman 20 0 2 3
4 Quinton Howden Brendan Woods J.T. Brown 10 0 2 3
5 vs 5 Defense
Defense Defense Time % Phy DF OF
1 Oscar Klefbom Bryan Young 40 0 2 3
2 Simon Despres Ty Wishart 30 0 3 2
3 Petter Granberg Nathan Oystrick 20 0 3 2
4 Petter Granberg Nathan Oystrick 10 1 2 2
PowerPlay Forward
Center Left Wing Right Wing Time % Phy DF OF
1 Sean Monahan Tye McGinn Petr Pohl 60 0 1 4
2 Jamie Arniel Nathan Gerbe Ben Hanowski 40 0 1 4
PowerPlay Defense
Defense Defense Time % Phy DF OF
1 Oscar Klefbom Simon Despres 60 0 1 4
2 Ty Wishart Petter Granberg 40 0 1 4
Penalty Kill 4 Players Forward
Center Wing Time % Phy DF OF
1 Jamie Arniel Brendan Woods 60 1 2 2
2 Tye McGinn J.T. Brown 40 1 2 2
Penalty Kill 4 Players Defense
Defense Defense Time % Phy DF OF
1 Bryan Young Ty Wishart 60 1 2 2
2 Nathan Oystrick Simon Despres 40 1 2 2
Penalty Kill - 3 Players Forward
Forward Time % Phy DF OF
1 Jamie Arniel 60 1 2 2
2 Brendan Woods 40 1 2 2
Penalty Kill - 3 Players Defense
Defense Defense Time % Phy DF OF
1 Bryan Young Ty Wishart 60 1 2 2
2 Nathan Oystrick Simon Despres 40 1 2 2
4 vs 4 Forward
Center Wing Time % Phy DF OF
1 Sean Monahan Petr Pohl 60 1 2 2
2 Jamie Arniel Nathan Gerbe 40 1 2 2
4 vs 4 Defense
Defense Defense Time % Phy DF OF
1 Oscar Klefbom Bryan Young 60 1 2 2
2 Simon Despres Ty Wishart 40 1 2 2
Last Minutes Offensive
Center Left Wing Right Wing Defense Defense
Sean Monahan Tye McGinn Petr Pohl Oscar Klefbom Jamie Arniel
Last Minutes Defensive
Center Left Wing Right Wing Defense Defense
Jamie Arniel Brendan Woods J.T. Brown Bryan Young Nathan Oystrick
Goaltenders
Starting : Jean-Francois Berube
Backup : Olivier Roy
Extra Forwards
Normal : Jamie Arniel, Sean Monahan, Nathan Gerbe - PP : J.T. Brown, Ryan Hartman - PK : Ryan Hartman
Extra Defensemen
Normal : Oscar Klefbom, Simon Despres, Petter Granberg - PP : Ty Wishart - PK : Oscar Klefbom, Petter Granberg
Penalty Shots
Nathan Gerbe, Sean Monahan, Jamie Arniel, Ben Hanowski, Robert Dome
Scratches
Vladislav Namestnikov (Healthy), Garrett Wilson (Healthy), Tanner Kero (Healthy), Greg McKegg (Healthy), Lucas Lessio (Healthy)
Jerome Gauthier-Leduc (Healthy), Konrad Abeltshauser (Healthy), Tomas Hyka (Healthy), Brian Hart (Healthy), Mirco Mueller (Healthy)
Ian McCoshen (Healthy), Jan Mursak (Healthy), Marcus Hogberg (Healthy), Matt Tomkins (Healthy)
% Time on Ice - Monarchs
Lines # - Real PCT - Wanted PCT - Time Play
Normal Forward
1 - 32% - 35% - 16:24
2 - 27% - 30% - 13:37
3 - 28% - 25% - 14:22
4 - 13% - 10% - 6:34
Normal Defense
1 - 35% - 35% - 18:03
2 - 35% - 35% - 17:46
3 - 30% - 30% - 15:08
4 - 0% - 0% - 0:00
PP Forward
1 - 56% - 60% - 3:19
2 - 44% - 40% - 2:38
PP Defense
1 - 54% - 60% - 3:13
2 - 46% - 40% - 2:44
PK Forward
1 - 82% - 60% - 2:01
2 - 18% - 40% - 0:27
PK Defense
1 - 52% - 60% - 1:17
2 - 48% - 40% - 1:11
PK3 Forward
1 - 0% - 60%
2 - 0% - 40%
PK3 Defense
1 - 0% - 60%
2 - 0% - 40%
44 Forward
1 - 0% - 60%
2 - 0% - 40%
44 Defense
1 - 0% - 60%
2 - 0% - 40%
Last Minute Offensive - 0:00
Last Minute Defensive - 0:38
Total
Forward - 60:00
Defense - 60:00
|
% Time on Ice - Griffins
Lines # - Real PCT - Wanted PCT - Time Play
Normal Forward
1 - 40% - 40% - 20:18
2 - 28% - 30% - 14:05
3 - 21% - 20% - 10:34
4 - 12% - 10% - 5:59
Normal Defense
1 - 42% - 40% - 21:22
2 - 30% - 30% - 15:05
3 - 20% - 20% - 9:59
4 - 9% - 10% - 4:30
PP Forward
1 - 48% - 60% - 1:11
2 - 52% - 40% - 1:17
PP Defense
1 - 72% - 60% - 1:46
2 - 28% - 40% - 0:42
PK Forward
1 - 78% - 60% - 4:38
2 - 22% - 40% - 1:19
PK Defense
1 - 59% - 60% - 3:29
2 - 41% - 40% - 2:28
PK3 Forward
1 - 0% - 60%
2 - 0% - 40%
PK3 Defense
1 - 0% - 60%
2 - 0% - 40%
44 Forward
1 - 0% - 60%
2 - 0% - 40%
44 Defense
1 - 0% - 60%
2 - 0% - 40%
Last Minute Offensive - 0:39
Last Minute Defensive - 0:00
Total
Forward - 60:00
Defense - 60:00
|
Play by Play
1st period
0:01 of 1st period - Brian Boyle wins face-off versus Jamie Arniel in neutral zone.
0:16 of 1st period - Slapshot by Brian Boyle.
0:16 of 1st period - Shot Misses the Net.
0:35 of 1st period - Wrist shot by Sean Monahan.
0:35 of 1st period - Stopped by Anders Lindback without a rebound.
0:36 of 1st period - Nathan Gerbe wins face-off versus Chris Thorburn in Monarchs zone.
0:46 of 1st period - Snap shot by Anton Slepyshev.
0:46 of 1st period - Shot Misses the Net.
0:50 of 1st period - Wrist shot by Nathan Gerbe.
0:50 of 1st period - Shot Blocked by Chris Thorburn.
0:52 of 1st period - Slapshot by Ty Wishart.
0:52 of 1st period - Stopped by Anders Lindback with a rebound.
1:02 of 1st period - Mike Hoffman is hit by J.T. Brown and loses puck.
1:29 of 1st period - Snap shot by Marko Dano.
1:29 of 1st period - Stopped by Jean-Francois Berube without a rebound.
1:30 of 1st period - Sean Monahan wins face-off versus Connor Brown in Griffins zone.
1:57 of 1st period - Petr Pohl is hit by Teuvo Teravainen.
2:03 of 1st period - Wrist shot by Petr Pohl.
2:03 of 1st period - Stopped by Anders Lindback with a rebound.
2:09 of 1st period - Wrist shot by Ryan White.
2:09 of 1st period - Shot Misses the Net.
2:23 of 1st period - Jake McCabe is hit by Ryan Hartman.
2:42 of 1st period - Snap shot by Quinton Howden.
2:42 of 1st period - Shot Misses the Net.
2:48 of 1st period - Snap shot by Quinton Howden.
2:48 of 1st period - Deflect By Brendan Woods.
2:48 of 1st period - Shot Misses the Net.
2:48 of 1st period - Puck is out of play.
2:49 of 1st period - Sean Monahan wins face-off versus Brian Boyle in Monarchs zone.
3:02 of 1st period - Slapshot by Connor Brown.
3:02 of 1st period - Stopped by Jean-Francois Berube without a rebound.
3:03 of 1st period - Ryan White wins face-off versus Jamie Arniel in Griffins zone.
3:10 of 1st period - Wrist shot by Chris Thorburn.
3:10 of 1st period - Stopped by Jean-Francois Berube with a rebound.
3:30 of 1st period - David Fischer is hit by Tye McGinn and loses puck.
3:57 of 1st period - Oscar Klefbom is hit by Dennis Everberg and loses puck.
5:37 of 1st period - Off-side.
5:38 of 1st period - Marko Dano wins face-off versus Jamie Arniel in neutral zone.
6:27 of 1st period - Wrist shot by Chris Thorburn.
6:27 of 1st period - Goal by Chris Thorburn - Monarchs : 1 - Griffins : 0.
6:28 of 1st period - Brian Boyle wins face-off versus Jamie Arniel in neutral zone.
6:34 of 1st period - Icing by Petr Pohl.
6:35 of 1st period - Brian Boyle wins face-off versus Jamie Arniel in Griffins zone.
7:16 of 1st period - Snap shot by Connor Brown.
7:16 of 1st period - Shot Misses the Net.
7:18 of 1st period - Snap shot by Andre Burakovsky.
7:18 of 1st period - Shot Misses the Net.
7:20 of 1st period - Slapshot by Morgan Rielly.
7:20 of 1st period - Stopped by Jean-Francois Berube without a rebound.
7:21 of 1st period - Marko Dano wins face-off versus Sean Monahan in Griffins zone.
7:28 of 1st period - Wrist shot by Marko Dano.
7:28 of 1st period - Shot Blocked by Ty Wishart.
7:30 of 1st period - Wrist shot by James Sheppard.
7:30 of 1st period - Shot Misses the Net.
7:53 of 1st period - Ryan White is hit by Anton Slepyshev and loses puck.
7:59 of 1st period - Off-side.
8:00 of 1st period - Adam Tambellini wins face-off versus Quinton Howden in neutral zone.
8:09 of 1st period - Slapshot by Morgan Rielly.
8:09 of 1st period - Shot Misses the Net.
8:17 of 1st period - Alec Martinez is hit by Quinton Howden and loses puck.
8:42 of 1st period - Snap shot by Dennis Everberg.
8:42 of 1st period - Shot Misses the Net.
9:49 of 1st period - Slapshot by Brian Boyle.
9:49 of 1st period - Shot Misses the Net.
9:51 of 1st period - Slapshot by David Fischer.
9:51 of 1st period - Shot Misses the Net.
9:53 of 1st period - Slapshot by Andre Burakovsky.
9:53 of 1st period - Stopped by Jean-Francois Berube without a rebound.
9:54 of 1st period - Robert Dome wins face-off versus Marko Dano in Griffins zone.
10:21 of 1st period - Ben Hanowski is hit by Brian Boyle and loses puck.
10:47 of 1st period - Ryan Hartman is hit by Jake McCabe and loses puck.
11:13 of 1st period - Brendan Woods is hit by Mike Hoffman and loses puck.
12:41 of 1st period - Icing by Brendan Woods.
12:42 of 1st period - Jamie Arniel wins face-off versus Marko Dano in Griffins zone.
13:11 of 1st period - Snap shot by Oscar Klefbom.
13:11 of 1st period - Stopped by Anders Lindback without a rebound.
13:12 of 1st period - Brian Boyle wins face-off versus Nathan Gerbe in Monarchs zone.
13:18 of 1st period - Off-side.
13:19 of 1st period - Brian Boyle wins face-off versus Jamie Arniel in neutral zone.
13:34 of 1st period - Oscar Klefbom is hit by Connor Brown and loses puck.
13:47 of 1st period - Backhand shot by Viktor Arvidsson.
13:47 of 1st period - Deflect By Marko Dano.
13:47 of 1st period - Shot Misses the Net.
13:47 of 1st period - Puck is out of play.
13:48 of 1st period - Marko Dano wins face-off versus Sean Monahan in Griffins zone.
13:59 of 1st period - Wrist shot by Marko Dano.
13:59 of 1st period - Shot Blocked by Tye McGinn.
14:01 of 1st period - Snap shot by James Sheppard.
14:01 of 1st period - Stopped by Jean-Francois Berube with a rebound.
14:03 of 1st period - Slapshot by Jake McCabe.
14:03 of 1st period - Stopped by Jean-Francois Berube with a rebound.
14:58 of 1st period - Snap shot by Mike Hoffman.
14:58 of 1st period - Stopped by Jean-Francois Berube with a rebound.
15:04 of 1st period - Wrist shot by Oscar Klefbom.
15:04 of 1st period - Stopped by Anders Lindback without a rebound.
15:05 of 1st period - Sean Monahan wins face-off versus Ryan White in Monarchs zone.
15:06 of 1st period - Slapshot by Oscar Klefbom.
15:06 of 1st period - Shot Misses the Net.
15:30 of 1st period - Jake McCabe is hit by Robert Dome and loses puck.
15:55 of 1st period - Snap shot by Viktor Arvidsson.
15:55 of 1st period - Shot Blocked by Oscar Klefbom.
16:13 of 1st period - Simon Despres is hit by Chris Thorburn.
16:28 of 1st period - Andre Burakovsky is hit by Tye McGinn and loses puck.
16:37 of 1st period - Wrist shot by Sean Monahan.
16:37 of 1st period - Shot Blocked by Alec Martinez.
17:58 of 1st period - Slapshot by Brian Boyle.
17:58 of 1st period - Stopped by Jean-Francois Berube without a rebound.
17:59 of 1st period - Jamie Arniel wins face-off versus Brian Boyle in Griffins zone.
18:06 of 1st period - Bryan Young is hit by Andre Burakovsky and loses puck.
19:23 of 1st period - Bryan Young is hit by Brian Boyle and loses puck.
19:27 of 1st period - Icing by Oscar Klefbom.
19:28 of 1st period - Jamie Arniel wins face-off versus Marko Dano in Griffins zone.
Goals for this period are 1 for Monarchs vs 0 for Griffins.
Shots for this period are 10 for Monarchs vs 5 for Griffins.
2nd period
0:01 of 2nd period - Marko Dano wins face-off versus Tye McGinn in neutral zone.
1:29 of 2nd period - Backhand shot by Viktor Arvidsson.
1:29 of 2nd period - Stopped by Jean-Francois Berube without a rebound.
1:30 of 2nd period - Marko Dano wins face-off versus Sean Monahan in Griffins zone.
1:37 of 2nd period - Slapshot by Marko Dano.
1:37 of 2nd period - Shot Misses the Net.
1:54 of 2nd period - Viktor Arvidsson is hit by Ben Hanowski and loses puck.
2:00 of 2nd period - Minor Penalty to Marko Dano for Hooking.
2:01 of 2nd period - Brian Boyle wins face-off versus Sean Monahan in Monarchs zone.
4:00 of 2nd period - Penalty to Marko Dano is over, Marko Dano is back on ice.
4:09 of 2nd period - Marko Dano is hit by Quinton Howden.
4:13 of 2nd period - Snap shot by J.T. Brown.
4:13 of 2nd period - Stopped by Anders Lindback without a rebound.
4:14 of 2nd period - Quinton Howden wins face-off versus Marko Dano in Monarchs zone.
4:21 of 2nd period - Wrist shot by Viktor Arvidsson.
4:21 of 2nd period - Stopped by Jean-Francois Berube with a rebound.
4:23 of 2nd period - Slapshot by Alec Martinez.
4:23 of 2nd period - Stopped by Jean-Francois Berube without a rebound.
4:24 of 2nd period - Brian Boyle wins face-off versus Quinton Howden in Griffins zone.
4:29 of 2nd period - Wrist shot by Andre Burakovsky.
4:29 of 2nd period - Stopped by Jean-Francois Berube without a rebound.
4:30 of 2nd period - Sean Monahan wins face-off versus Brian Boyle in Griffins zone.
4:35 of 2nd period - Brian Boyle is hit by Sean Monahan and loses puck.
4:52 of 2nd period - Slapshot by Brian Boyle.
4:52 of 2nd period - Shot Blocked by Nathan Oystrick.
4:56 of 2nd period - Snap shot by Connor Brown.
4:56 of 2nd period - Shot Misses the Net.
4:58 of 2nd period - Snap shot by David Fischer.
4:58 of 2nd period - Stopped by Jean-Francois Berube with a rebound.
5:00 of 2nd period - Slapshot by Jake McCabe.
5:00 of 2nd period - Stopped by Jean-Francois Berube without a rebound.
5:01 of 2nd period - Ryan White wins face-off versus Robert Dome in Griffins zone.
5:02 of 2nd period - Slapshot by Chris Thorburn.
5:02 of 2nd period - Shot Misses the Net.
5:04 of 2nd period - Snap shot by Ryan White.
5:04 of 2nd period - Shot Blocked by Bryan Young.
5:06 of 2nd period - Wrist shot by David Fischer.
5:06 of 2nd period - Deflect By Chris Thorburn.
5:06 of 2nd period - Shot Misses the Net.
5:06 of 2nd period - Puck is out of play.
5:07 of 2nd period - Jamie Arniel wins face-off versus Ryan White in Griffins zone.
5:20 of 2nd period - Wrist shot by Teuvo Teravainen.
5:20 of 2nd period - Stopped by Jean-Francois Berube without a rebound.
5:21 of 2nd period - Marko Dano wins face-off versus Sean Monahan in Griffins zone.
5:50 of 2nd period - Snap shot by Jamie Arniel.
5:50 of 2nd period - Stopped by Anders Lindback without a rebound.
5:51 of 2nd period - Jamie Arniel wins face-off versus Ryan White in Monarchs zone.
6:03 of 2nd period - Wrist shot by Jamie Arniel.
6:03 of 2nd period - Deflect By Robert Dome.
6:03 of 2nd period - Shot Misses the Net.
6:03 of 2nd period - Puck is out of play.
6:04 of 2nd period - Sean Monahan wins face-off versus Ryan White in Monarchs zone.
6:29 of 2nd period - Wrist shot by Nathan Gerbe.
6:29 of 2nd period - Shot Misses the Net.
6:31 of 2nd period - Slapshot by Petter Granberg.
6:31 of 2nd period - Stopped by Anders Lindback with a rebound.
6:33 of 2nd period - Slapshot by Petter Granberg.
6:33 of 2nd period - Shot Blocked by Will Butcher.
6:40 of 2nd period - Icing by Chris Thorburn.
6:41 of 2nd period - Ben Hanowski wins face-off versus Ryan White in Monarchs zone.
6:44 of 2nd period - Snap shot by Tye McGinn.
6:44 of 2nd period - Stopped by Anders Lindback without a rebound.
6:45 of 2nd period - Sean Monahan wins face-off versus Brian Boyle in Monarchs zone.
7:02 of 2nd period - Andre Burakovsky is hit by Ben Hanowski and loses puck.
7:10 of 2nd period - Icing by Alec Martinez.
7:11 of 2nd period - Jamie Arniel wins face-off versus Marko Dano in Monarchs zone.
8:22 of 2nd period - Snap shot by Marko Dano.
8:22 of 2nd period - Stopped by Jean-Francois Berube without a rebound.
8:23 of 2nd period - Jamie Arniel wins face-off versus Marko Dano in Griffins zone.
8:35 of 2nd period - Icing by Viktor Arvidsson.
8:36 of 2nd period - Jamie Arniel wins face-off versus James Sheppard in Monarchs zone.
8:39 of 2nd period - Snap shot by Jamie Arniel.
8:39 of 2nd period - Stopped by Anders Lindback without a rebound.
8:40 of 2nd period - Jamie Arniel wins face-off versus Brian Boyle in Monarchs zone.
8:43 of 2nd period - Snap shot by Robert Dome.
8:43 of 2nd period - Stopped by Anders Lindback without a rebound.
8:44 of 2nd period - Jamie Arniel wins face-off versus Brian Boyle in Monarchs zone.
8:51 of 2nd period - Snap shot by Jamie Arniel.
8:51 of 2nd period - Shot Misses the Net.
8:53 of 2nd period - Wrist shot by Robert Dome.
8:53 of 2nd period - Shot Blocked by Andre Burakovsky.
8:55 of 2nd period - Wrist shot by Jamie Arniel.
8:55 of 2nd period - Goal by Jamie Arniel - Monarchs : 1 - Griffins : 1.
8:56 of 2nd period - Brian Boyle wins face-off versus Tye McGinn in neutral zone.
9:33 of 2nd period - Wrist shot by Petr Pohl.
9:33 of 2nd period - Shot Misses the Net.
9:35 of 2nd period - Slapshot by Nathan Oystrick.
9:35 of 2nd period - Stopped by Anders Lindback with a rebound.
9:37 of 2nd period - Snap shot by Petr Pohl.
9:37 of 2nd period - Stopped by Anders Lindback with a rebound.
9:51 of 2nd period - Snap shot by Marko Dano.
9:51 of 2nd period - Shot Misses the Net.
9:53 of 2nd period - Slapshot by Teuvo Teravainen.
9:53 of 2nd period - Shot Blocked by Nathan Oystrick.
9:55 of 2nd period - Snap shot by Ryan White.
9:55 of 2nd period - Shot Blocked by Petter Granberg.
9:57 of 2nd period - Wrist shot by Chris Thorburn.
9:57 of 2nd period - Shot Blocked by Petter Granberg.
9:59 of 2nd period - Slapshot by Darnell Nurse.
9:59 of 2nd period - Stopped by Jean-Francois Berube without a rebound.
10:00 of 2nd period - Brian Boyle wins face-off versus Jamie Arniel in Griffins zone.
10:15 of 2nd period - Snap shot by Connor Brown.
10:15 of 2nd period - Stopped by Jean-Francois Berube without a rebound.
10:16 of 2nd period - Ryan White wins face-off versus Sean Monahan in Griffins zone.
10:19 of 2nd period - Snap shot by Ryan White.
10:19 of 2nd period - Shot Blocked by Sean Monahan.
10:37 of 2nd period - Minor Penalty to Oscar Klefbom for Slashing.
10:38 of 2nd period - Jamie Arniel wins face-off versus Marko Dano in Griffins zone.
10:53 of 2nd period - Slapshot by Marko Dano.
10:53 of 2nd period - Stopped by Jean-Francois Berube with a rebound.
11:09 of 2nd period - Slapshot by Alec Martinez.
11:09 of 2nd period - Shot Blocked by Brendan Woods.
12:37 of 2nd period - Penalty to Oscar Klefbom is over, Oscar Klefbom is back on ice.
12:42 of 2nd period - Tye McGinn is hit by James Sheppard and loses puck.
12:47 of 2nd period - Wrist shot by Mike Hoffman.
12:47 of 2nd period - Stopped by Jean-Francois Berube with a rebound.
12:58 of 2nd period - Off-side.
12:59 of 2nd period - Nathan Gerbe wins face-off versus Adam Tambellini in neutral zone.
13:14 of 2nd period - Slapshot by Nathan Gerbe.
13:14 of 2nd period - Stopped by Anders Lindback without a rebound.
13:15 of 2nd period - Teuvo Teravainen wins face-off versus Jamie Arniel in Monarchs zone.
14:05 of 2nd period - Tye McGinn is hit by Andre Burakovsky and loses puck.
14:22 of 2nd period - Simon Despres is hit by Jake McCabe and loses puck.
14:29 of 2nd period - Teuvo Teravainen is hit by J.T. Brown and loses puck.
15:13 of 2nd period - Slapshot by Andre Burakovsky.
15:13 of 2nd period - Shot Misses the Net.
15:15 of 2nd period - Slapshot by Jake McCabe.
15:15 of 2nd period - Deflect By Andre Burakovsky.
15:15 of 2nd period - Stopped by Jean-Francois Berube with a rebound.
16:03 of 2nd period - Snap shot by Robert Dome.
16:03 of 2nd period - Shot Misses the Net.
16:05 of 2nd period - Snap shot by Robert Dome.
16:05 of 2nd period - Stopped by Anders Lindback without a rebound.
16:06 of 2nd period - Brian Boyle wins face-off versus Petr Pohl in Monarchs zone.
16:17 of 2nd period - Wrist shot by Connor Brown.
16:17 of 2nd period - Shot Blocked by Petter Granberg.
16:33 of 2nd period - Wrist shot by Tye McGinn.
16:33 of 2nd period - Shot Blocked by Will Butcher.
16:35 of 2nd period - Snap shot by Ben Hanowski.
16:35 of 2nd period - Shot Misses the Net.
16:37 of 2nd period - Slapshot by Nathan Oystrick.
16:37 of 2nd period - Deflect By Sean Monahan.
16:37 of 2nd period - Stopped by Anders Lindback with a rebound.
16:39 of 2nd period - Wrist shot by Tye McGinn.
16:39 of 2nd period - Shot Hit the Post.
16:41 of 2nd period - Wrist shot by Sean Monahan.
16:41 of 2nd period - Deflect By Tye McGinn.
16:41 of 2nd period - Stopped by Anders Lindback without a rebound.
16:42 of 2nd period - Ryan White wins face-off versus Jamie Arniel in Monarchs zone.
17:16 of 2nd period - Snap shot by Connor Brown.
17:16 of 2nd period - Shot Misses the Net.
17:18 of 2nd period - Wrist shot by Connor Brown.
17:18 of 2nd period - Deflect By Andre Burakovsky.
17:18 of 2nd period - Stopped by Jean-Francois Berube without a rebound.
17:19 of 2nd period - Jamie Arniel wins face-off versus Marko Dano in Griffins zone.
17:19 of 2nd period - Jamie Arniel is hit by Marko Dano.
17:24 of 2nd period - Ty Wishart is hit by Darnell Nurse and loses puck.
17:52 of 2nd period - Snap shot by Tye McGinn.
17:52 of 2nd period - Stopped by Anders Lindback without a rebound.
17:53 of 2nd period - Brian Boyle wins face-off versus Nathan Gerbe in Monarchs zone.
18:30 of 2nd period - Slapshot by Petr Pohl.
18:30 of 2nd period - Shot Misses the Net.
18:52 of 2nd period - Slapshot by Teuvo Teravainen.
18:52 of 2nd period - Stopped by Jean-Francois Berube without a rebound.
18:53 of 2nd period - Sean Monahan wins face-off versus Brian Boyle in Griffins zone.
18:59 of 2nd period - Off-side.
19:00 of 2nd period - Sean Monahan wins face-off versus Brian Boyle in neutral zone.
19:27 of 2nd period - Wrist shot by Viktor Arvidsson.
19:27 of 2nd period - Stopped by Jean-Francois Berube without a rebound.
19:28 of 2nd period - Jamie Arniel wins face-off versus Viktor Arvidsson in Griffins zone.
19:28 of 2nd period - Oscar Klefbom is hit by Viktor Arvidsson and loses puck.
19:39 of 2nd period - Slapshot by Viktor Arvidsson.
19:39 of 2nd period - Shot Misses the Net.
19:41 of 2nd period - Snap shot by James Sheppard.
19:41 of 2nd period - Stopped by Jean-Francois Berube without a rebound.
19:42 of 2nd period - Sean Monahan wins face-off versus Brian Boyle in Griffins zone.
Goals for this period are 0 for Monarchs vs 1 for Griffins.
Shots for this period are 17 for Monarchs vs 14 for Griffins.
3rd period
0:01 of 3rd period - Jamie Arniel wins face-off versus Marko Dano in neutral zone.
1:15 of 3rd period - Bryan Young is hit by Morgan Rielly and loses puck.
1:36 of 3rd period - Wrist shot by Connor Brown.
1:36 of 3rd period - Stopped by Jean-Francois Berube with a rebound.
1:38 of 3rd period - Wrist shot by Connor Brown.
1:38 of 3rd period - Stopped by Jean-Francois Berube with a rebound.
1:40 of 3rd period - Snap shot by Alec Martinez.
1:40 of 3rd period - Shot Misses the Net.
1:42 of 3rd period - Slapshot by Andre Burakovsky.
1:42 of 3rd period - Shot Misses the Net.
1:44 of 3rd period - Wrist shot by Andre Burakovsky.
1:44 of 3rd period - Goal by Andre Burakovsky - Monarchs : 2 - Griffins : 1.
1:45 of 3rd period - Marko Dano wins face-off versus Sean Monahan in neutral zone.
1:50 of 3rd period - Snap shot by James Sheppard.
1:50 of 3rd period - Shot Misses the Net.
1:52 of 3rd period - Wrist shot by Viktor Arvidsson.
1:52 of 3rd period - Shot Misses the Net.
1:54 of 3rd period - Wrist shot by Viktor Arvidsson.
1:54 of 3rd period - Shot Misses the Net.
2:06 of 3rd period - Minor Penalty to Tye McGinn for Roughing.
2:07 of 3rd period - Brendan Woods wins face-off versus Teuvo Teravainen in Griffins zone.
2:18 of 3rd period - Snap shot by Teuvo Teravainen.
2:18 of 3rd period - Shot Misses the Net.
2:20 of 3rd period - Snap shot by Marko Dano.
2:20 of 3rd period - Shot Misses the Net.
4:06 of 3rd period - Penalty to Tye McGinn is over, Tye McGinn is back on ice.
4:27 of 3rd period - Nathan Gerbe is hit by Jake McCabe and loses puck.
4:34 of 3rd period - Slapshot by Oscar Klefbom.
4:34 of 3rd period - Shot Blocked by David Fischer.
4:36 of 3rd period - Snap shot by Tye McGinn.
4:36 of 3rd period - Shot Misses the Net.
4:38 of 3rd period - Snap shot by Bryan Young.
4:38 of 3rd period - Deflect By Tye McGinn.
4:38 of 3rd period - Shot Misses the Net.
4:38 of 3rd period - Puck is out of play.
4:39 of 3rd period - Chris Thorburn wins face-off versus Jamie Arniel in Monarchs zone.
4:46 of 3rd period - Petr Pohl is hit by Ryan White and loses puck.
4:55 of 3rd period - Darnell Nurse is hit by Jamie Arniel and loses puck.
5:35 of 3rd period - Mike Hoffman is hit by Ty Wishart and loses puck.
7:31 of 3rd period - Snap shot by Petr Pohl.
7:31 of 3rd period - Stopped by Anders Lindback with a rebound.
7:33 of 3rd period - Snap shot by Jamie Arniel.
7:33 of 3rd period - Stopped by Anders Lindback with a rebound.
7:35 of 3rd period - Wrist shot by Robert Dome.
7:35 of 3rd period - Shot Hit the Post.
7:37 of 3rd period - Snap shot by Petr Pohl.
7:37 of 3rd period - Stopped by Anders Lindback without a rebound.
7:38 of 3rd period - Sean Monahan wins face-off versus Marko Dano in Monarchs zone.
7:43 of 3rd period - Snap shot by Tye McGinn.
7:43 of 3rd period - Shot Misses the Net.
7:45 of 3rd period - Wrist shot by Tye McGinn.
7:45 of 3rd period - Stopped by Anders Lindback with a rebound.
7:47 of 3rd period - Slapshot by Oscar Klefbom.
7:47 of 3rd period - Shot Misses the Net.
7:49 of 3rd period - Slapshot by Oscar Klefbom.
7:49 of 3rd period - Stopped by Anders Lindback without a rebound.
7:50 of 3rd period - Marko Dano wins face-off versus Sean Monahan in Monarchs zone.
7:50 of 3rd period - Marko Dano is hit by Tye McGinn.
8:01 of 3rd period - Off-side.
8:02 of 3rd period - Sean Monahan wins face-off versus Brian Boyle in neutral zone.
8:07 of 3rd period - Andre Burakovsky is hit by Tye McGinn and loses puck.
8:12 of 3rd period - Snap shot by Sean Monahan.
8:12 of 3rd period - Shot Blocked by Morgan Rielly.
8:14 of 3rd period - Slapshot by Oscar Klefbom.
8:14 of 3rd period - Shot Blocked by Andre Burakovsky.
8:16 of 3rd period - Slapshot by Bryan Young.
8:16 of 3rd period - Shot Misses the Net.
8:18 of 3rd period - Snap shot by Tye McGinn.
8:18 of 3rd period - Stopped by Anders Lindback without a rebound.
8:19 of 3rd period - Nathan Gerbe wins face-off versus Marko Dano in Monarchs zone.
8:52 of 3rd period - Snap shot by Brian Boyle.
8:52 of 3rd period - Stopped by Jean-Francois Berube with a rebound.
8:54 of 3rd period - Snap shot by Connor Brown.
8:54 of 3rd period - Stopped by Jean-Francois Berube with a rebound.
10:24 of 3rd period - Minor Penalty to Quinton Howden for Interference.
10:25 of 3rd period - Viktor Arvidsson wins face-off versus Ryan Hartman in Griffins zone.
10:30 of 3rd period - Snap shot by Viktor Arvidsson.
10:30 of 3rd period - Stopped by Jean-Francois Berube with a rebound.
10:48 of 3rd period - Ty Wishart is hit by Jake McCabe and loses puck.
12:24 of 3rd period - Penalty to Quinton Howden is over, Quinton Howden is back on ice.
12:33 of 3rd period - Alec Martinez is hit by Quinton Howden and loses puck.
12:45 of 3rd period - Nathan Gerbe is hit by Mike Hoffman and loses puck.
12:56 of 3rd period - Petr Pohl is hit by Chris Thorburn and loses puck.
13:06 of 3rd period - Icing by Jake McCabe.
13:07 of 3rd period - Ryan White wins face-off versus Nathan Gerbe in Monarchs zone.
13:32 of 3rd period - Wrist shot by J.T. Brown.
13:32 of 3rd period - Stopped by Anders Lindback with a rebound.
14:47 of 3rd period - Icing by David Fischer.
14:48 of 3rd period - Nathan Gerbe wins face-off versus Ryan White in Monarchs zone.
14:55 of 3rd period - Snap shot by Anton Slepyshev.
14:55 of 3rd period - Stopped by Anders Lindback with a rebound.
14:57 of 3rd period - Wrist shot by Anton Slepyshev.
14:57 of 3rd period - Shot Misses the Net.
15:03 of 3rd period - Wrist shot by Ryan Hartman.
15:03 of 3rd period - Stopped by Anders Lindback without a rebound.
15:04 of 3rd period - Brian Boyle wins face-off versus Jamie Arniel in Monarchs zone.
15:09 of 3rd period - Bryan Young is hit by Andre Burakovsky and loses puck.
15:16 of 3rd period - Slapshot by Will Butcher.
15:16 of 3rd period - Shot Misses the Net.
15:18 of 3rd period - Wrist shot by Andre Burakovsky.
15:18 of 3rd period - Shot Blocked by Oscar Klefbom.
15:20 of 3rd period - Snap shot by Connor Brown.
15:20 of 3rd period - Stopped by Jean-Francois Berube with a rebound.
15:30 of 3rd period - Ryan White is hit by Nathan Gerbe and loses puck.
16:14 of 3rd period - Will Butcher is hit by Ben Hanowski.
16:41 of 3rd period - Ty Wishart is hit by Mike Hoffman and loses puck.
17:03 of 3rd period - Ty Wishart is hit by Chris Thorburn.
17:13 of 3rd period - Jamie Arniel is hit by Alec Martinez and loses puck.
17:18 of 3rd period - Snap shot by Viktor Arvidsson.
17:18 of 3rd period - Shot Misses the Net.
17:20 of 3rd period - Slapshot by Darnell Nurse.
17:20 of 3rd period - Shot Blocked by Petter Granberg.
17:22 of 3rd period - Slapshot by Morgan Rielly.
17:22 of 3rd period - Shot Misses the Net.
17:24 of 3rd period - Snap shot by Marko Dano.
17:24 of 3rd period - Goal by Marko Dano - Monarchs : 3 - Griffins : 1.
17:25 of 3rd period - Nathan Gerbe wins face-off versus Ryan White in neutral zone.
17:57 of 3rd period - Snap shot by Oscar Klefbom.
17:57 of 3rd period - Stopped by Anders Lindback with a rebound.
18:03 of 3rd period - Slapshot by Oscar Klefbom.
18:03 of 3rd period - Deflect By Ryan Hartman.
18:03 of 3rd period - Shot Misses the Net.
18:03 of 3rd period - Puck is out of play.
18:04 of 3rd period - Quinton Howden wins face-off versus Ryan White in Monarchs zone.
18:05 of 3rd period - Snap shot by J.T. Brown.
18:05 of 3rd period - Stopped by Anders Lindback with a rebound.
18:07 of 3rd period - Snap shot by Brendan Woods.
18:07 of 3rd period - Goal by Brendan Woods - Monarchs : 3 - Griffins : 2.
18:08 of 3rd period - Ryan Hartman wins face-off versus Ryan White in neutral zone.
18:44 of 3rd period - Wrist shot by Connor Brown.
18:44 of 3rd period - Shot Misses the Net.
18:58 of 3rd period - Griffins, Jean-Francois Berube is pulled from the net.
19:10 of 3rd period - Darnell Nurse is hit by Tye McGinn and loses puck.
19:30 of 3rd period - Minor Penalty to Darnell Nurse for Roughing.
19:31 of 3rd period - Brian Boyle wins face-off versus Jamie Arniel in Monarchs zone.
Goals for this period are 2 for Monarchs vs 1 for Griffins.
Shots for this period are 8 for Monarchs vs 12 for Griffins.
Back to the Top